Map: Bridgehead LE (Void)

Players

ChitogeBesto

  • Race: Zerg Zerg
  • League: Master

TomikuS - Winner!

  • Race: Zerg Zerg
  • League: Grandmaster

Event: Lycan League Weekly August #1

VOD

Have the link to the VOD?

Description

Time

  • Played on: Aug. 3, 2015, 12:46 p.m.
  • Length: 9:46

All games in this series

Show
View Real Time Build Order
Export as new Build Order

ChitogeBesto Zerg 

Build Orders: Pool First 

Get SALT Encoding   

  12  0:01  Drone  
  13  0:08  Drone  
  13  0:14  Extractor  
  13  0:18  Drone  
  14  0:32  Spawning Pool  
  13  0:39  Drone  
  14  0:45  Overlord  
  14  1:19  Zergling x6  
  14  1:21  Metabolic Boost  
  14  1:22  Queen  
  19  1:31  Zergling x2  
  20  1:45  Baneling Nest  
  20  1:47  Zergling x2  
  20  1:55  Zergling x2  
  21  2:12  Hatchery  
  20  2:18  Zergling x2  
  21  2:34  Baneling x4  
  21  2:36  Zergling x2  
  22  2:44  Overlord  
  18  3:02  Drone x4  
  18  3:32  Drone x4, Queen  
  24  3:35  Drone  
  25  3:45  Zergling x4  
  28  3:48  Drone x2  
  29  3:55  Drone  
  29  3:56  Drone  
  29  3:57  Drone  
  32  4:15  Lair  
  32  4:18  Roach Warren  
  32  4:20  Drone x2, Extractor  
  32  4:21  Drone, Extractor  
  32  4:33  Drone x3  
  32  4:35  Overlord  
  35  4:40  Evolution Chamber  
  35  4:44  Drone  
  35  4:45  Drone  
  36  4:56  Drone  
  36  4:57  Drone x3  
  36  4:58  Drone  
  40  5:05  Zerg Missile Weapons Level 1  
  40  5:10  Drone x2  
  40  5:11  Drone  
  43  5:16  Overlord  
  43  5:20  Overlord  
  43  5:34  Glial Reconstitution  
  43  5:39  Roach x4  
  51  5:43  Overlord  
  51  6:03  Drone x2  
  52  6:06  Hatchery  
  52  6:07  Ravager x4  
  52  6:09  Roach x2  
  52  6:11  Overlord x2  
  59  6:29  Overlord  
  59  6:30  Roach x3  
  59  6:31  Roach x4  
  73  6:34  Overlord  
  73  6:43  Roach  
  73  6:45  Overlord  
  75  6:54  Roach  
  75  6:55  Roach x4  
  79  7:03  Roach  
  79  7:04  Roach x2  
  71  7:15  Roach x5  
  73  7:16  Roach  
  71  7:27  Ravager x2  
  71  7:29  Roach  
  75  7:31  Roach  
  77  7:42  Roach x3  
  77  7:43  Roach  
  85  7:50  Roach x2  
  89  8:00  Hatchery  
  89  8:02  Roach x4  
  96  8:06  Overlord  
  96  8:16  Roach x2  
  96  8:17  Overlord  
  96  8:18  Overlord  
  74  8:34  Roach  
  74  8:35  Roach x6  
  86  8:48  Extractor  
  85  8:50  Roach x6  
  97  8:58  Roach x2  
  87  9:11  Roach x4  
  87  9:12  Roach  
  87  9:16  Roach x2  
  87  9:20  Roach  
Show
View Real Time Build Order
Export as new Build Order

TomikuS Zerg - Winner!

Build Orders: Hatch First 

Get SALT Encoding   

  12  0:01  Drone  
  13  0:13  Overlord  
  13  0:18  Drone  
  14  0:31  Drone x2  
  16  0:36  Drone  
  17  0:53  Hatchery  
  16  1:07  Spawning Pool  
  16  1:08  Drone  
  16  1:12  Drone  
  16  1:15  Drone  
  18  1:20  Drone  
  19  1:30  Drone  
  20  1:41  Overlord  
  20  1:57  Zergling x2  
  21  2:02  Extractor  
  21  2:05  Queen  
  21  2:06  Queen  
  24  2:09  Drone x2  
  26  2:17  Zergling x4  
  26  2:19  Spine Crawler  
  27  2:24  Zergling x2  
  27  2:28  Zergling x2  
  28  2:33  Spine Crawler  
  27  2:41  Queen  
  29  2:48  Zergling x4  
  22  3:11  Drone x5  
  26  3:26  Drone x3  
  29  3:41  Overlord  
  29  3:42  Drone  
  29  3:43  Queen  
  32  3:53  Drone x2  
  34  4:00  Drone x5  
  34  4:02  Drone  
  40  4:09  Lair  
  38  4:21  Roach Warren  
  37  4:26  Drone x4  
  37  4:29  Extractor  
  37  4:30  Extractor  
  39  4:34  Overlord  
  39  4:39  Drone x4  
  43  4:58  Drone x3, Overlord x2  
  43  4:59  Overlord  
  46  5:08  Glial Reconstitution  
  46  5:29  Roach x11  
  46  5:34  Overlord  
  68  5:42  Evolution Chamber  
  67  5:43  Overlord  
  67  5:44  Overlord  
  67  5:53  Roach  
  67  5:54  Roach  
  71  6:07  Zerg Missile Weapons Level 1  
  71  6:08  Roach  
  71  6:09  Roach  
  71  6:10  Roach  
  77  6:12  Hatchery  
  77  6:13  Roach  
  78  6:20  Overlord  
  78  6:24  Roach  
  78  6:25  Roach x2  
  84  6:36  Overlord x2  
  85  6:40  Drone x3  
  85  6:41  Drone x2  
  85  6:45  Ravager  
  85  6:46  Ravager x2  
  86  7:06  Roach  
  86  7:07  Drone x7  
  86  7:08  Drone x4  
  84  7:24  Overlord  
  84  7:29  Drone x4  
  88  7:31  Extractor  
  88  7:32  Extractor  
  84  7:44  Evolution Chamber  
  84  7:45  Roach  
  84  7:46  Roach x10  
  102  7:58  Overlord x2  
  102  7:59  Roach  
  102  8:04  Roach x2  
  108  8:08  Ravager x3  
  111  8:14  Roach x3  
  111  8:15  Overlord, Roach  
  111  8:16  Overlord  
  115  8:27  Roach  
  115  8:28  Roach x5  
  117  8:36  Roach x4  
  125  8:42  Overlord  
  125  8:43  Drone  
  126  8:49  Drone x5  
  126  8:51  Roach  
  126  8:52  Roach x2  
  126  8:53  Ravager  
  126  8:54  Ravager  
  139  9:07  Roach x4  
  132  9:13  Roach x4  
  127  9:21  Roach x4  
  127  9:22  Roach x4  

Tags
 
Add a new tag
Caveats
  • Supply blocks, unpowered buildings, or Contaminate may cause inaccurate times.
  • Supply counts are checked every 10 seconds.